Map: Ancient Cistern LE

Players

TerranEZrace - Winner!

  • Race: Zerg Zerg
  • League: Diamond
  • Spawn Location: 1:00

DKtkjas

  • Race: Terran Terran
  • League: Diamond
  • Spawn Location: 7:00

VOD

Have the link to the VOD?

Description

Time

  • Played on: June 26, 2023, 12:24 p.m.
  • Length: 34:12
Show
View Real Time Build Order
Export as new Build Order

TerranEZrace Zerg - Winner!

Build Orders: Pool First 

Get SALT Encoding   

  12  0:19  Spawning Pool  
  11  0:22  Drone  
  11  0:26  Drone  
  13  0:31  Drone  
  14  0:40  Overlord  
  14  1:06  Zergling x2  
  14  1:07  Zergling x4  
  14  1:08  Queen  
  19  1:27  Hatchery  
  18  1:34  Drone x2  
  20  1:41  Drone  
  21  1:53  Overlord  
  21  2:13  Drone x2  
  23  2:40  Drone x4  
  23  2:41  Queen  
  26  2:52  Drone  
  26  2:53  Drone  
  26  2:58  Queen  
  30  3:08  Drone x2  
  32  3:16  Drone x3  
  32  3:17  Overlord  
  35  3:41  Extractor x2  
  34  3:47  Evolution Chamber x2, Drone x4  
  34  3:48  Drone x2  
  37  3:50  Drone x3  
  40  3:59  Drone  
  40  4:00  Overlord, Drone  
  42  4:04  Overlord  
  42  4:22  Drone  
  42  4:23  Drone x3  
  46  4:33  Metabolic Boost  
  46  4:44  Extractor, Drone x3  
  48  4:47  Queen  
  50  4:55  Drone  
  50  4:56  Drone  
  50  4:59  Zerg Melee Weapons Level 1  
  52  5:01  Hatchery  
  52  5:03  Hatchery  
  50  5:19  Zerg Ground Armor Level 1  
  50  5:27  Spore Crawler, Drone x2  
  51  5:31  Spore Crawler  
  51  5:34  Drone  
  51  5:35  Drone x2, Zergling x2  
  53  5:36  Spore Crawler, Zergling x10  
  53  5:39  Spore Crawler  
  57  5:44  Spore Crawler x4  
  57  5:45  Spore Crawler  
  57  5:46  Spore Crawler  
  57  5:47  Spore Crawler  
  57  5:49  Spore Crawler x2  
  44  5:50  Spore Crawler  
  44  5:51  Spore Crawler  
  44  5:53  Spore Crawler  
  44  5:54  Spore Crawler x2  
  35  5:58  Drone  
  35  5:59  Drone x3  
  37  6:14  Lair  
  37  6:15  Drone x2  
  37  6:16  Drone x2  
  41  6:44  Drone x2  
  41  6:45  Spore Crawler, Drone x7  
  41  6:46  Spore Crawler  
  48  6:48  Spore Crawler  
  46  7:04  Spore Crawler x2  
  46  7:06  Spore Crawler  
  46  7:07  Spore Crawler  
  46  7:08  Spore Crawler  
  41  7:10  Drone x2  
  43  7:29  Drone x5  
  48  7:34  Overlord  
  48  7:35  Hatchery  
  47  7:37  Overlord  
  47  8:00  Queen x2  
  47  8:01  Queen  
  47  8:03  Drone x5  
  58  8:08  Drone x3  
  61  8:20  Extractor  
  61  8:22  Spine Crawler  
  61  8:24  Spine Crawler  
  61  8:26  Spore Crawler, Drone x3  
  60  8:28  Spore Crawler  
  59  8:41  Zerg Melee Weapons Level 2  
  59  8:42  Zerg Ground Armor Level 2  
  59  8:49  Infestation Pit  
  58  8:56  Drone  
  58  8:57  Drone x2  
  61  9:04  Baneling Nest  
  57  9:42  Spore Crawler  
  57  9:43  Spore Crawler  
  57  9:44  Spore Crawler x2  
  57  9:45  Spore Crawler x2, Drone x17  
  68  9:46  Spore Crawler  
  65  10:03  Hive  
  65  10:09  Drone  
  65  10:10  Drone  
  65  10:12  Queen  
  69  10:16  Zergling x2  
  69  10:17  Zergling x16  
  69  10:18  Zergling x2  
  79  10:27  Spore Crawler  
  78  10:28  Spore Crawler  
  78  10:29  Spore Crawler  
  78  10:30  Drone x2  
  78  10:38  Zergling x4  
  78  10:41  Overlord x4  
  78  10:42  Overlord  
  80  11:02  Centrifugal Hooks  
  80  11:11  Zergling x2  
  80  11:12  Zergling x32  
  97  11:24  Hatchery  
  96  11:28  Adrenal Glands  
  86  11:45  Baneling  
  86  11:46  Baneling x12  
  84  11:47  Zergling x2  
  84  11:48  Zergling x22  
  84  11:53  Zerg Melee Weapons Level 3, Zerg Ground Armor Level 3  
  96  12:09  Zergling x2  
  96  12:10  Zergling x22  
  108  12:16  Spire  
  107  12:24  Drone x4  
  107  12:27  Drone  
  107  12:28  Overlord x2  
  107  12:29  Overlord  
  112  12:33  Baneling x2  
  112  12:34  Baneling x2  
  112  12:42  Drone x6  
  93  13:23  Drone x17  
  105  13:27  Spore Crawler x2  
  105  13:28  Spore Crawler x4  
  105  13:29  Spore Crawler x4  
  105  13:30  Spore Crawler  
  105  13:31  Drone x6  
  90  13:48  Zerg Flyer Weapons Level 1  
  90  13:52  Zergling x2  
  90  13:53  Zergling x18  
  99  14:10  Overlord x3  
  99  14:21  Corruptor x5  
  99  14:22  Corruptor x5  
  119  14:33  Zergling x2  
  119  14:34  Zergling x8  
  124  14:42  Hatchery  
  123  14:50  Corruptor  
  123  14:51  Corruptor x4  
  133  15:07  Baneling x9  
  133  15:08  Baneling x13  
  133  15:09  Zergling x2, Baneling x3  
  133  15:10  Zergling x8  
  138  15:24  Pneumatized Carapace  
  138  15:28  Corruptor x4  
  138  15:29  Corruptor  
  148  15:43  Zerg Flyer Armor Level 1  
  128  16:01  Drone x4  
  128  16:02  Drone x6  
  138  16:04  Zergling x8  
  138  16:05  Zergling x24  
  138  16:06  Zergling x14  
  138  16:07  Zergling x2  
  158  16:55  Corruptor x5  
  158  16:56  Corruptor x2  
  158  17:00  Overlord x4  
  158  17:01  Overlord x2  
  172  17:24  Hatchery  
  172  17:26  Hatchery  
  170  17:36  Zerg Flyer Weapons Level 2  
  165  17:52  Zergling x16  
  165  17:53  Zergling x24  
  165  17:54  Zergling x24  
  165  17:55  Zergling x4  
  146  18:48  Zergling x2  
  146  18:49  Zergling x46  
  146  18:50  Zergling x28  
  184  19:15  Extractor x2  
  182  19:17  Extractor x2  
  182  19:22  Zergling x2  
  182  19:23  Zergling x36  
  182  19:24  Zergling x2  
  200  19:42  Extractor  
  200  19:43  Extractor  
  196  19:52  Zerg Flyer Armor Level 2  
  176  20:33  Extractor x2  
  176  20:35  Extractor  
  173  20:36  Extractor  
  173  20:38  Drone x3  
  173  20:39  Drone x3  
  173  20:42  Drone x3  
  181  20:43  Drone x2  
  157  21:22  Hatchery  
  128  21:29  Zergling x2  
  128  21:30  Zergling x52  
  128  21:31  Zergling x52  
  153  21:43  Zergling x2  
  153  21:44  Zergling x18  
  163  22:06  Zergling x4  
  163  22:07  Zergling x30  
  163  22:08  Zerg Flyer Weapons Level 3  
  166  23:05  Zergling x2  
  123  23:06  Zergling x56  
  123  23:07  Zergling x18  
  134  23:21  Zergling x18  
  143  23:29  Hatchery  
  142  23:35  Hatchery  
  142  23:38  Hatchery  
  142  23:39  Hatchery  
  139  23:43  Zergling x2  
  139  23:44  Zergling x38  
  159  23:51  Baneling  
  159  23:52  Baneling x26  
  159  23:53  Zergling x2  
  159  23:54  Zergling x24  
  172  24:01  Hatchery  
  171  24:12  Hatchery  
  171  24:16  Zergling x2  
  171  24:17  Zergling x2  
  171  24:18  Zergling x48  
  196  24:34  Zergling x4  
  196  24:35  Zergling x4  
  200  24:45  Zerg Flyer Armor Level 3  
  94  25:01  Zergling x2  
  94  25:02  Zergling x50  
  94  25:03  Zergling x36  
  138  25:17  Zergling x14  
  138  25:18  Zergling x20  
  156  25:27  Zergling x2  
  156  25:28  Zergling x38  
  97  26:10  Mutalisk x8  
  97  26:11  Mutalisk x29  
  164  26:29  Mutalisk x3  
  164  26:31  Mutalisk x6, Hatchery  
  164  26:32  Mutalisk  
  183  26:55  Overseer x5  
  183  26:59  Zergling x2  
  183  27:00  Zergling x12  
  190  27:06  Spore Crawler  
  190  27:07  Spine Crawler  
  188  27:42  Zergling x16  
  188  27:43  Zergling x8  
  182  28:30  Mutalisk x7  
  182  28:31  Mutalisk x4  
  188  29:08  Mutalisk  
  188  29:09  Mutalisk x10  
  194  29:14  Overseer x3  
  194  29:15  Overseer x2  
  200  29:21  Overlord x3  
  200  29:22  Overseer  
  200  29:23  Overseer  
  195  30:12  Zergling x2  
  195  30:13  Zergling x54  
  195  30:14  Zergling x2  
  158  30:36  Lair  
  158  30:40  Zergling x18  
  158  30:41  Zergling x12  
  168  30:53  Queen x2  
  168  30:55  Zergling x2  
  168  30:56  Zergling x14  
  174  30:57  Zergling x2  
  174  30:58  Zergling x4  
  177  31:20  Zergling x6  
  177  31:22  Zergling x2  
  177  31:23  Zergling x10  
  186  31:36  Spire, Lair  
  186  31:38  Queen  
  161  32:02  Drone  
  161  32:03  Drone x2  
  146  32:38  Spawning Pool  
  144  32:46  Drone x3  
  145  32:53  Hatchery  
  138  33:10  Mutalisk x3  
  138  33:12  Mutalisk x7  
  143  33:13  Mutalisk x7  
  172  33:32  Mutalisk  
  172  33:34  Overlord x4  
  171  33:50  Zergling x2  
  171  33:51  Zergling x4  
  171  33:52  Zergling x12  
Show
View Real Time Build Order
Export as new Build Order

DKtkjas Terran 

Build Orders: Mech 

Get SALT Encoding   

  12  0:13  SCV  
  13  0:22  Supply Depot  
  13  0:25  SCV  
  14  0:37  SCV  
  15  0:45  Barracks  
  15  0:47  Refinery  
  15  0:49  SCV  
  16  0:56  Refinery  
  16  1:01  SCV  
  17  1:13  SCV  
  19  1:25  SCV  
  19  1:32  Reaper  
  20  1:34  Supply Depot  
  21  1:40  SCV  
  21  1:44  Factory  
  21  1:55  Orbital Command  
  21  2:28  Command Center  
  21  2:37  Factory Tech Lab, Marine  
  22  2:54  Starport  
  22  3:00  SCV  
  22  3:03  Marine  
  24  3:16  Bunker  
  24  3:25  Siege Tank  
  27  3:32  Starport Tech Lab  
  26  3:35  Fusion Core  
  26  3:38  Marine  
  27  3:51  Engineering Bay  
  27  3:54  SCV  
  28  4:04  Orbital Command  
  28  4:27  Battlecruiser  
  34  4:32  Supply Depot  
  34  4:35  SCV  
  34  4:37  SCV  
  36  4:47  SCV  
  36  4:49  SCV  
  38  4:58  Supply Depot  
  38  5:05  SCV  
  40  5:07  SCV  
  40  5:18  SCV  
  41  5:27  Supply Depot  
  41  5:31  Command Center  
  41  5:32  Battlecruiser  
  47  5:50  SCV x2  
  49  6:08  SCV x2  
  49  6:11  Refinery  
  51  6:13  Refinery  
  51  6:20  SCV  
  46  7:24  SCV x2  
  46  7:28  Battlecruiser  
  54  7:33  Factory  
  54  7:35  Factory  
  54  7:36  SCV  
  54  7:37  Siege Tank  
  58  7:44  Planetary Fortress  
  58  7:47  Missile Turret  
  58  8:03  SCV  
  59  8:07  SCV  
  59  8:09  Siege Tank, Missile Turret  
  63  8:15  SCV  
  63  8:19  Factory Tech Lab x2  
  64  8:22  Factory, Command Center  
  64  8:41  Siege Tank  
  67  8:59  Missile Turret  
  67  9:13  Siege Tank  
  70  9:20  Missile Turret  
  70  9:22  Marine  
  65  9:27  Siege Tank  
  65  9:28  Siege Tank  
  67  9:41  Missile Turret  
  67  9:45  Siege Tank  
  69  10:00  Siege Tank  
  69  10:01  SCV  
  69  10:02  SCV  
  69  10:03  Siege Tank  
  74  10:13  SCV  
  75  10:16  Battlecruiser  
  75  10:17  Siege Tank  
  75  10:18  SCV x2  
  86  10:23  Refinery  
  86  10:24  Factory Tech Lab, Refinery  
  86  10:26  SCV  
  87  10:30  Planetary Fortress, SCV x2  
  87  10:32  Siege Tank  
  92  10:38  SCV  
  92  10:42  SCV x2  
  95  11:08  Missile Turret  
  95  11:10  Neosteel Armor  
  95  11:13  SCV  
  95  11:14  SCV x2  
  98  11:20  Viking  
  98  11:24  Armory  
  100  11:27  Armory  
  100  11:29  Missile Turret  
  100  11:32  Armory  
  100  11:36  Supply Depot, SCV  
  101  11:45  SCV x2  
  100  11:50  SCV x2  
  102  12:01  Missile Turret  
  102  12:02  Sensor Tower  
  102  12:10  Sensor Tower  
  102  12:22  Missile Turret  
  102  12:23  Missile Turret  
  102  12:29  Missile Turret  
  102  12:44  Missile Turret  
  102  12:49  Refinery  
  72  13:15  Refinery  
  67  13:23  SCV x2  
  66  13:28  Orbital Command  
  66  13:41  Terran Vehicle And Ship Armor Level 1, Terran Vehicle Weapons Level 1  
  66  13:45  Siege Tank, Terran Ship Weapons Level 1  
  67  13:49  SCV  
  68  13:56  Supply Depot  
  68  14:09  Engineering Bay  
  68  14:10  Supply Depot  
  68  14:18  Siege Tank x2, SCV x2  
  68  14:21  Supply Depot  
  76  14:24  Supply Depot  
  76  14:27  Supply Depot  
  76  14:32  Siege Tank, SCV x4  
  76  14:33  Supply Depot  
  83  14:43  Siege Tank, Supply Depot  
  83  14:44  SCV x4  
  90  14:46  Supply Depot  
  90  14:50  Siege Tank  
  93  14:56  SCV x2  
  93  14:59  Thor  
  101  15:02  SCV  
  101  15:03  SCV  
  103  15:08  SCV x2  
  103  15:12  Refinery  
  103  15:14  Refinery  
  105  15:15  SCV x2  
  105  15:20  SCV  
  108  15:22  Sensor Tower  
  108  15:25  Thor x2  
  120  15:31  SCV  
  120  15:32  SCV x2  
  123  15:37  SCV  
  124  15:44  SCV x2, Command Center  
  126  15:50  Sensor Tower  
  126  16:02  Thor  
  132  16:10  Missile Turret  
  132  16:11  Supply Depot  
  132  16:15  SCV x3  
  135  16:19  SCV  
  136  16:27  SCV x3, Terran Vehicle Weapons Level 2  
  136  16:29  Missile Turret  
  136  16:32  Terran Ship Weapons Level 2  
  139  16:36  Supply Depot  
  139  16:55  Missile Turret  
  139  17:00  Command Center  
  139  17:03  Missile Turret  
  139  17:04  Thor  
  145  17:14  Barracks Reactor  
  145  17:16  Missile Turret  
  145  17:22  Missile Turret x2  
  145  17:24  Missile Turret x2  
  145  17:25  Missile Turret  
  145  17:28  Missile Turret  
  145  17:30  Missile Turret  
  145  17:31  SCV  
  145  17:32  SCV  
  145  17:36  SCV  
  148  17:38  Missile Turret  
  148  17:39  Planetary Fortress  
  148  17:44  SCV x2  
  150  17:58  Thor x2  
  162  18:13  Factory  
  162  18:14  Orbital Command  
  162  18:34  Missile Turret  
  151  18:46  SCV x3  
  151  18:57  Thor x4  
  151  18:58  SCV  
  151  18:59  Hellion x2  
  180  19:03  Smart Servos  
  180  19:10  Sensor Tower  
  180  19:14  SCV  
  180  19:15  SCV x3  
  184  19:21  Hellion  
  184  19:22  Infernal Pre-Igniter  
  186  19:28  Hellion  
  186  19:49  Orbital Command  
  184  20:16  Orbital Command  
  184  20:18  Terran Vehicle Weapons Level 3  
  184  20:30  Missile Turret  
  184  20:31  Command Center  
  184  20:42  Orbital Command  
  184  20:53  Hellion x2  
  187  21:18  Widow Mine  
  187  21:40  Command Center  
  187  21:53  Supply Depot  
  187  21:56  Supply Depot  
  187  21:57  Thor  
  187  21:58  Widow Mine  
  195  22:08  Factory  
  195  22:15  Widow Mine  
  197  22:16  Planetary Fortress, Supply Depot  
  197  22:19  Widow Mine  
  197  22:20  Supply Depot  
  199  22:33  Thor x6  
  199  22:38  Missile Turret  
  199  22:40  Missile Turret  
  199  22:41  Terran Vehicle And Ship Armor Level 2  
  199  22:42  Terran Ship Weapons Level 3  
  199  22:55  Planetary Fortress  
  199  22:56  Command Center  
  198  22:59  Missile Turret  
  198  23:02  Thor x2  
  198  23:03  Thor  
  197  23:07  Thor  
  175  23:29  Factory Tech Lab  
  175  23:37  SCV x2  
  175  23:38  Factory  
  175  23:39  SCV  
  178  23:45  Thor x2  
  190  23:49  SCV  
  190  23:50  Sensor Tower  
  191  23:58  Widow Mine x2  
  195  24:09  Missile Turret  
  195  24:11  Planetary Fortress  
  195  24:19  Refinery, Widow Mine x2  
  199  24:25  Factory Tech Lab, Refinery  
  199  24:29  Command Center, Missile Turret  
  175  25:06  Command Center  
  175  25:12  Refinery  
  175  25:13  Command Center  
  175  25:17  Thor x3  
  175  25:18  Thor  
  169  25:49  Hellion x2  
  146  26:10  Command Center  
  146  26:11  Hellion x2  
  143  26:14  Command Center  
  143  26:17  Command Center  
  143  26:32  Hellion x2  
  147  26:43  Thor  
  153  27:11  Thor  
  159  27:27  Missile Turret  
  154  27:44  Missile Turret  
  154  27:46  Missile Turret  
  134  28:06  Thor x3  
  134  28:08  Planetary Fortress  
  134  28:09  Planetary Fortress  
  152  28:13  Missile Turret  
  135  28:48  Thor  
  107  29:11  Thor  
  108  30:05  Thor  
Tags
 
Composition
Mech
Matchup
TvZ
Opening
Pool First
Spawn Locations
Cross Positions
Add a new tag
Caveats
  • Supply blocks, unpowered buildings, or Contaminate may cause inaccurate times.
  • Supply counts are checked every 10 seconds.